 Dungeon Crawl Stone Soup version 0.29.1-13-g9f3cf754e1 (webtiles) character file.

Game seed: 8214065562075034896

1742 croobank the Sneak (level 9, -2/57 HPs)
             Began as an Octopode Transmuter on Jan 28, 2023.
             Was an Initiate of Gozag.
             Slain by a killer bee (9 damage)
             ... on level 8 of the Dungeon.
             The game lasted 00:22:11 (7904 turns).

croobank the Sneak (Octopode Transmuter)            Turns: 7904, Time: 00:22:12

Health: -2/57      AC:  1    Str:  9    XL:     9   Next: 5%
Magic:  12/14      EV: 14    Int: 20    God:    Gozag
Gold:   490        SH:  0    Dex: 12    Spells: 6/15 levels left

rFire   . . .      SeeInvis +   e - +1 short sword (venom)
rCold   . . .      Faith    .   (no shield)
rNeg    . . .      Spirit   .   (helmet currently unavailable)
rPois   .          Reflect  .   (no amulet)
rElec   .          Harm     .   t - ring of see invisible
rCorr   .          Rampage  .   (no ring)
Will    .....                   (no ring)
Stlth   ++++......              (no ring)
HPRegen 0.19/turn               (no ring)
MPRegen 0.14/turn               (no ring)
                                (no ring)
                                (no ring)

@: lethally poisoned (-2 -> -14), appendages, wereblooded, gold aura
A: tentacle spike 3, almost no armour, amphibious, 8 rings, camouflage 1,
gelatinous body 1, (nimble swimmer 1), tentacles
a: End Transformation, Renounce Religion, Potion Petition, Call Merchant, Bribe
Branch


You were on level 8 of the Dungeon.
You worshipped Gozag.
Gozag was aware of your devotion.
One of your tentacles had grown a beastly spike.
You visited 2 branches of the dungeon, and saw 9 of its levels.

You collected 846 gold pieces.
You spent 26 gold pieces at shops.
You paid 330 gold pieces to Gozag.

Inventory:

Hand Weapons
 a - a +0 short sword
 e - a +1 short sword of venom (weapon)
 l - a +0 great sword
 A - a +4 flail
 E - a +3 quarterstaff of speed
Missiles
 h - 4 javelins
 C - 3 throwing nets
Armour
 v - a +0 kite shield
 B - a +0 buckler
Jewellery
 t - a ring of see invisible (left tentacle)
Wands
 k - a wand of iceblast (9)
 m - a wand of charming (4)
 s - a wand of flame (35)
 w - a wand of mindburst (5)
Scrolls
 b - a scroll of torment {unknown}
 c - a scroll of silence {unknown}
 d - a scroll of magic mapping {unknown}
 f - a scroll of enchant weapon {unknown}
 g - a scroll of amnesia {unknown}
 j - 4 scrolls of teleportation
 n - 3 scrolls of identify
 p - a scroll of immolation
 q - 2 scrolls of fog
 r - a scroll of vulnerability {unknown}
 u - a scroll of enchant armour {unknown}
 y - a scroll of blinking {unknown}
 F - a scroll of noise {unknown}
 G - a scroll of fear {unknown}
Potions
 i - 2 potions of haste
 o - 2 potions of magic
 x - a potion of might
 z - a potion of resistance
 D - a potion of curing


   Skills:
 + Level 3.5 Fighting
 + Level 3.0 Short Blades
 + Level 4.3 Dodging
 - Level 6.7 Stealth
 - Level 3.3 Unarmed Combat
 + Level 3.8 Spellcasting
 + Level 2.3 Conjurations
 + Level 2.5 Hexes
 + Level 4.0 Transmutations
 + Level 2.5 Ice Magic
 + Level 2.2 Air Magic
 + Level 2.6 Poison Magic


You had 6 spell levels left.
You knew the following spells:

 Your Spells              Type           Power      Damage    Failure   Level
a - Beastly Appendage     Tmut           38%        N/A       2%          1
b - Wereblood             Tmut           19%        N/A       3%          2
c - Magic Dart            Conj           52%        1d5       4%          1
d - Ensorcelled Hibernat  Hex/Ice        28%        N/A       7%          2
e - Mephitic Cloud        Conj/Pois/Air  13%        N/A       14%         3

Your spell library contained the following spells:

 Spells                   Type           Power      Damage    Failure   Level
 Spider Form              Tmut/Pois      17%        N/A       10%         3
 Necrotise                Necr           12%        1d4       13%         1
 Call Imp                 Summ           3%         N/A       21%         2
 Ice Form                 Ice/Tmut       16%        N/A       34%         4
 Vampiric Draining        Necr           3%         2d6       36%         3
 Flame Wave               Conj/Fire      8%         2d5       63%         4
 Fireball                 Conj/Fire      4%         3d4       92%         5
 Agony                    Necr           3%         N/A       98%         5
 Borgnjor's Vile Clutch   Necr/Erth      1%         N/A       98%         5
 Death Channel            Necr           1%         N/A       100%        6
 Starburst                Conj/Fire      4%         6d3       100%        6
 Animate Dead             Necr           Unusable   N/A       N/A         4

Dungeon Overview and Level Annotations

Branches:
Dungeon (8/15)             Temple (1/1) D:4
   Lair: D:8-11

Altars:
Ashenzari
Cheibriados
Dithmenos
Elyvilon
Fedhas
Gozag
Hepliaklqana
Kikubaaqudgha
Makhleb
Nemelex Xobeh
Okawaru
Qazlal
Ru
Sif Muna
Trog
Uskayaw
Vehumet
Wu Jian
Xom
Yredelemnul
Zin
The Shining One

Shops:
D:3 *   D:8 ?

Annotations:
D:4 1 runed translucent door, RuggedK9's ghost, amateur TrFi
D:7 2 transporters, croobank's ghost, novice DgCj


Innate Abilities, Weirdness & Mutations

One of your tentacles has grown a beastly spike.
You cannot wear most types of armour.
You are amphibious.
You can wear up to eight rings at the same time.
Your skin changes colour to match your surroundings (Stealth+).
Your rubbery body absorbs attacks. (AC +1, EV +1)
((You are camouflaged when in or above water. (Stealth+)))
You have tentacles for arms and can constrict up to eight enemies at once.


Message History

You closely miss the sky beast.
The sky beast is almost dead.
You kill the sky beast!
The killer bee stings you! The killer bee closely misses you.
Your Transmutations skill increases to level 4!
Casting: Beastly Appendage (safe; 2% risk of failure)
Confirm with . or Enter, or press ? or * to list all spells.
Your blood is infused with primal strength.
The killer bee closely misses you.
The killer bee is distracted by your dazzling golden aura.
The killer bee barely misses you.
The killer bee is distracted by your dazzling golden aura.
The killer bee barely misses you. The killer bee closely misses you.
You barely miss the killer bee.
The killer bee buzzes angrily. x2
Your grab misses the killer bee.
You pierce the killer bee.
You squeeze the killer bee, but do no damage.
The killer bee is lightly wounded.
The killer bee barely misses you. The killer bee stings you!
The killer bee barely misses you. x2
You closely miss the killer bee. Your grab misses the killer bee.
Your tentacle spike misses the killer bee.
The killer bee is lightly wounded.
The killer bee stings you. The killer bee barely misses you.
The killer bee completely misses you. The killer bee misses you.
You closely miss the killer bee. Your grab misses the killer bee.
Your tentacle spike misses the killer bee.
You squeeze the killer bee.
The killer bee is moderately wounded.
The killer bee is no longer distracted by gold.
The killer bee stings you!
You are poisoned.
The killer bee poisons you! The killer bee stings you!
* * * LOW HITPOINT WARNING * * *
The killer bee stings you!
* * * LOW HITPOINT WARNING * * *
You are lethally poisoned!
The killer bee poisons you! The killer bee stings you!
You die...
Your body crumbles into a pile of gold.

$ .# . # ##.
.. ... #
.∩.####y###.#
..?/#$...
#.yy.# #.y@.#
#..<.# #....#
######


You could see 4 killer bees.

Vanquished Creatures
  An ice beast (D:5)
  2 sky beasts
  3 black bears
  2 centaurs (D:7)
  An ogre (D:6)
  A phantom (D:4)
  A kobold brigand (D:6)
  2 scorpions
  A necrophage (D:7)
  2 howler monkeys
  A hound (D:6)
  A jelly (D:4)
  2 orc priests (D:7)
  A gnoll bouda (D:6)
  3 iguanas
  3 orc wizards (D:7)
  11 gnolls
  4 adders
  2 worms
  3 dart slugs
  15 orcs
  5 ball pythons
  7 bats
  10 endoplasms
  A giant cockroach (D:2)
  8 goblins
  6 hobgoblins
  5 jackals
  13 kobolds
  3 quokkas
  3 training dummies (D:7)
  6 rats
129 creatures vanquished.

Vanquished Creatures (others)
  A plant (D:4)
1 creature vanquished.

Grand Total: 130 creatures vanquished

Notes
Turn   | Place    | Note
-------+----------+-------------------------------------------
     0 | D:1      | croobank the Octopode Transmuter began the quest for the
                  | Orb.
     0 | D:1      | Reached XP level 1. HP: 13/13 MP: 3/3
    69 | D:1      | Reached XP level 2. HP: 3/18 MP: 3/5
   365 | D:1      | Learned a level 2 spell: Wereblood
   683 | D:1      | Reached XP level 3. HP: 20/23 MP: 3/6
  1248 | D:2      | Identified the +0 robe of Vamp {Int+3}
  1405 | D:2      | Noticed a black bear
  1412 | D:2      | Killed a black bear
  1413 | D:2      | Reached skill level 1 in Short Blades
  1413 | D:2      | Reached XP level 4. HP: 20/29 MP: 4/8
  1413 | D:2      | Reached XP level 5. HP: 24/34 MP: 4/9
  1817 | D:2      | Found a radiant altar of Vehumet.
  2709 | D:3      | Reached skill level 1 in Stealth
  2822 | D:3      | Found an ancient bone altar of Kikubaaqudgha.
  3023 | D:3      | Reached skill level 2 in Stealth
  3444 | D:3      | Found a broken altar of Ashenzari.
  3608 | D:3      | Found a shadowy altar of Dithmenos.
  3709 | D:3      | Found Gics's Assorted Antiques.
  3719 | D:3      | Bought a scroll labelled ETSEORA QODES for 26 gold pieces
  3828 | D:3      | Identified a scroll of acquirement
  3828 | D:3      | Acquired the Handbook of the Moth
  4018 | D:4      | Reached skill level 3 in Stealth
  4255 | D:4      | Found a staircase to the Ecumenical Temple.
  4270 | Temple   | Entered the Ecumenical Temple
  4277 | Temple   | Became a worshipper of Gozag Ym Sagoz the Greedy
  4296 | D:4      | Noticed a black bear
  4307 | D:4      | Killed a black bear
  4307 | D:4      | Noticed a phantom
  4308 | D:4      | Reached skill level 4 in Stealth
  4308 | D:4      | Reached XP level 6. HP: 39/39 MP: 7/10
  4329 | D:4      | HP: 1/39 [phantom (7)]
  4334 | D:4      | Reached skill level 5 in Stealth
  4340 | D:4      | Reached skill level 6 in Stealth
  4743 | D:4      | Learned a level 1 spell: Magic Dart
  4857 | D:4      | Reached XP level 7. HP: 45/45 MP: 7/11
  4949 | D:4      | Learned a level 2 spell: Ensorcelled Hibernation
  4968 | D:4      | Found a runed translucent door.
  4970 | D:4      | Noticed RuggedK9's ghost (amateur TrFi)
  5294 | D:5      | Entered Level 5 of the Dungeon
  5832 | D:5      | Learned a level 3 spell: Mephitic Cloud
  6135 | D:5      | Reached skill level 1 in Conjurations
  6135 | D:5      | Reached skill level 1 in Hexes
  6135 | D:5      | Reached skill level 1 in Ice Magic
  6328 | D:6      | Reached skill level 1 in Poison Magic
  6328 | D:6      | Reached XP level 8. HP: 51/51 MP: 8/12
  6339 | D:6      | Reached skill level 1 in Air Magic
  7063 | D:7      | Found an iron altar of Okawaru.
  7071 | D:7      | Found a blossoming altar of Fedhas.
  7177 | D:7      | Found a transporter.
  7186 | D:7      | Noticed a shadow
  7189 | D:7      | Noticed croobank's ghost (novice DgCj)
  7442 | D:7      | Found Muogasoi's Firing Range.
  7708 | D:7      | Reached XP level 9. HP: 47/57 MP: 11/14
  7772 | D:7      | Found a transporter.
  7803 | D:7      | Identified the +1 chain mail of the Lion {Int+4}
  7896 | D:8      | Found Qoir's Magic Scroll Shop.
  7904 | D:8      | Slain by a killer bee

Illustrated notes

Levels and vault maps discovered:
D:1:      dpeg_arrival_connections, layout_rooms
D:2:      layout_basic, basic_altar, serial_aquarium,
          aquarium_bridge_long_joined [aquarium_subvault_balcony,
          aquarium_subvault_wall, aquarium_subvault_window,
          aquarium_subvault_bridge, aquarium_subvault_bridge,
          aquarium_subvault_window], aquarium_window_2, aquarium_window_corner,
          aquarium_view_2b, aquarium_balcony_5b, aquarium_pool_corner
D:3:      layout_basic, mainiacjoe_overflow_alcove_1,
          grunt_dithmenos_smoke_and_mirrors,
          nicolae_kikubaaqudgha_miasma_corner, serial_shops,
          nicolae_lakefront_shop, st_stairs_7
D:4:      layout_loops_ring, minmay_temple_entry_junction_2,
          ebering_ghost_sewer_d, serial_bayou_pond_d
D:5:      layout_basic
D:6:      layout_basic, uniq_crazy_yiuf_cottage
D:7:      layout_rooms, mainiacjoe_overflow_catwalk_spiral,
          gammafunk_ghost_arena, nicolae_shop_firing_range
D:8:      layout_basic, serial_shops, shop_scrolls, uniq_erica, uniq_psyche,
          uniq_pikel
Temple:   sentei_temple_godly_chess

Skill      XL: |  1  2  3  4  5  6  7  8  9 |
---------------+----------------------------+-----
Fighting       | 2 3 |  3.5
Short Blades   | 1 2 3 |  3.0
Dodging        | 3 4 |  4.3
Stealth        | 4 6 |  6.7
Transmutations | 3 4 |  4.0
Spellcasting   | 3 |  3.8
Conjurations   | 1 2 |  2.3
Hexes          | 1 2 |  2.5
Ice Magic      | 1 2 |  2.5
Poison Magic   | 1 2 |  2.6
Air Magic      | 2 |  2.2
Unarmed Combat | |  3.3

Action                   |  1- 3 |  4- 6 |  7- 9 || total
-------------------------+-------+-------+-------++-------
Melee: Unarmed           |    50 |       |       ||    50
       Constrict         |    27 |    22 |    33 ||    82
       Kick              |    15 |    28 |    52 ||    95
       Tentacles         |    11 |    16 |    39 ||    66
       Short sword       |    26 |   102 |   135 ||   263
       Punch             |     1 |     1 |     8 ||    10
 Cast: Beastly Appendage |    11 |    25 |    21 ||    57
       Wereblood         |    10 |    22 |    18 ||    50
       Magic Dart        |       |     1 |       ||     1
       Ensorcelled Hiber |       |       |     2 ||     2
Invok: Potion Petition   |       |       |     1 ||     1
Evoke: Wand              |       |       |     2 ||     2
  Use: Potion            |     2 |     2 |     3 ||     7
       Scroll            |       |     8 |     4 ||    12
 Stab: Sleeping          |       |     6 |     7 ||    13
       Invisible         |       |       |     1 ||     1
       Distracted        |       |       |     1 ||     1
Armor: Skin              |    16 |     4 |     3 ||    23
Dodge: Dodged            |    66 |    43 |   105 ||   214
